 Dungeon Crawl Stone Soup version 0.21.1-1-g345015f (webtiles) character file.

10427 twistedcrescendo the Fighter (level 11, -30/106 HPs)
             Began as a Minotaur Berserker on June 23, 2018.
             Was a High Priest of Trog.
             Killed from afar by a fire giant (54 damage)
             ... with a bolt of fire
             ... on level 11 of the Dungeon.
             The game lasted 00:59:59 (10068 turns).

twistedcrescendo the Fighter (Minotaur Berserker)  Turns: 10068, Time: 00:59:59

Health: -30/106    AC: 18    Str: 22    XL:     11   Next: 36%
Magic:  10/10      EV: 10    Int:  4    God:    Trog [*****.]
Gold:   227        SH: 10    Dex: 13    Spells: 10/10 levels left

rFire    . . .     SeeInvis .   Q - +0 broad axe (elec)
rCold    . . .     Gourm    .   a - +1 buckler {rN+}
rNeg     + . .     Faith    .   u - +0 plate armour
rPois    .         Spirit   .   (helmet restricted)
rElec    .         Reflect  +   o - +0 cloak
rCorr    .         Harm     .   (no gloves)
MR       .....                  B - +0 pair of boots
Stlth    ..........             q - +4 amulet of reflection
HPRegen  0.27/turn              (no ring)
MPRegen  0.12/turn              (no ring)

@: no status effects
A: retaliatory headbutt, horns 2, yellow scales 1, evolution 1
a: Berserk, Trog's Hand, Brothers in Arms, Burn Spellbooks, Renounce Religion


You were on level 11 of the Dungeon.
You worshipped Trog.
Trog was extremely pleased with you.
You were not hungry.

You visited 1 branch of the dungeon, and saw 11 of its levels.

You collected 575 gold pieces.
You spent 348 gold pieces at shops.

Inventory:

Hand Weapons
 w - a +1 flail of holy wrath
 Q - a +0 broad axe of electrocution (weapon)
 R - a +2 hunting sling of flaming
Missiles
 e - 131 sling bullets
 P - 3 silver tomahawks (quivered)
Armour
 a - a +1 buckler of positive energy (worn)
 o - a +0 cloak (worn)
 u - a +0 plate armour (worn)
 x - the +2 robe of the Gloaming {rElec rC- Regen+ Slay+3}
   (You found it on level 4 of the Dungeon)

   It affects your accuracy and damage with ranged weapons and melee attacks
   (+3).
   It makes you vulnerable to cold.
   It insulates you from electricity.
   It increases your rate of regeneration.
 B - a +0 pair of boots (worn)
Jewellery
 g - an uncursed ring of resist corrosion {unknown}
 q - a +4 amulet of reflection (around neck)
 y - an uncursed amulet of guardian spirit
 z - a +3 ring of protection {unknown}
 L - a +5 amulet of reflection
 N - an uncursed ring of fire {unknown}
 S - a +3 ring of evasion {unknown}
Wands
 d - a wand of polymorph (7)
 l - a wand of digging (14)
 I - a wand of enslavement (12)
 J - a wand of iceblast (10)
 M - a wand of paralysis (21)
Scrolls
 h - 5 scrolls of teleportation {unknown}
 i - 6 scrolls of remove curse
 j - 2 scrolls of magic mapping
 k - 2 scrolls of amnesia {unknown}
 m - 2 scrolls of fear
 n - 2 scrolls of random uselessness {unknown}
 s - 2 scrolls of blinking {unknown}
 t - 8 scrolls of identify
 v - a scroll of immolation {unknown}
 A - 5 scrolls of enchant armour {unknown}
 H - a scroll of silence {unknown}
Potions
 b - 3 potions of curing {unknown}
 f - a potion of lignification {unknown}
 p - a potion of haste
 C - 3 potions of brilliance {unknown}
 D - a potion of resistance {unknown}
 F - 2 potions of mutation
 K - 2 potions of invisibility {unknown}
Books
 r - a book of Flames

   Spells                             Type                      Level
   a - Flame Tongue                   Conjuration/Fire             1
   b - Throw Flame                    Conjuration/Fire             2
   c - Conjure Flame                  Conjuration/Fire             3
   d - Inner Flame                    Hexes/Fire                   3
   e - Sticky Flame                   Conjuration/Fire             4
   f - Fireball                       Conjuration/Fire             5
   Trog disapproves of the use of such an item.
 E - a book of Misfortune

   Spells                             Type                      Level
   a - Confusing Touch                Hexes                        1
   b - Confuse                        Hexes                        3
   c - Gell's Gravitas                Translocation                3
   d - Petrify                        Transmutation/Earth          4
   e - Metabolic Englaciation         Hexes/Ice                    5
   f - Yara's Violent Unravelling     Hexes/Transmutation          5
   Trog disapproves of the use of such an item.
 O - a book of Conjurations

   Spells                             Type                      Level
   a - Magic Dart                     Conjuration                  1
   b - Searing Ray                    Conjuration                  2
   c - Dazzling Spray                 Conjuration/Hexes            3
   d - Fulminant Prism                Conjuration/Hexes            4
   e - Force Lance                    Conjuration/Translocation    4
   f - Iskenderun's Mystic Blast      Conjuration                  4
   Trog disapproves of the use of such an item.
Comestibles
 c - 22 rations
 G - 3 chunks of flesh


   Skills:
 + Level 12.8 Fighting
 + Level 12.2 Axes
 + Level 9.1 Armour
 - Level 6.9 Dodging
 - Level 5.6 Shields


You had 10 spell levels left.
You didn't know any spells.

Dungeon Overview and Level Annotations

Branches:
Dungeon (11/15)            Temple (0/1) D:7            Lair (0/6) D:11
    Orc: D:9-12

Altars:
Dithmenos
Xom

Shops:
D:9 *   D:10 (


Innate Abilities, Weirdness & Mutations

You reflexively headbutt those who attack you in melee.
You have a pair of horns on your head.
You are partially covered in yellow scales. (AC +2)
You evolve.


Message History

S - an iron ring You open the large door.
A fire giant comes into view.
It is wielding a great sword of flaming.
The fire giant shouts!
The fire giant casts a spell at you. The bolt of fire hits you!
Found five items.
The fire giant points at you and mumbles some strange words.
The bolt of fire hits you!
The fire giant gestures at you while chanting.
The bolt of fire hits you!
* * * LOW HITPOINT WARNING * * *
There is an open door, spattered with blood here.
You see here a hornet corpse.
You recover from your berserk rage.
There is an open door here.
The fire giant casts a spell at you. The bolt of fire hits you!
Ouch! That really hurt!
You die...

######## #......#
#.≈###@###
#.##.....##
#.#...C...#
#.#.......#
#.##.....##
#.≈###'### #.≈≈8#.#
#.≈###†###
###########.##.....##


You could see a fire giant.

Vanquished Creatures
  2 two-headed ogres
  An ugly thing (D:11)
  A manticore (D:11)
  Psyche (D:8)
  Joseph (D:7)
  A gargoyle (D:10)
  A kobold demonologist (D:10)
  2 trolls
  A hornet (D:11)
  Prince Ribbit (D:7)
  A hippogriff (D:8)
  A spriggan (D:7)
  7 yaks
  A hungry ghost (D:10)
  A necrophage (D:10)
  4 orc warriors
  3 ice beasts
  5 phantoms
  6 ogres
  4 centaurs
  A bullfrog (D:9)
  2 big kobolds
  A wyvern zombie (D:9)
  2 gnoll sergeants
  2 wyvern skeletons
  A water moccasin skeleton (D:9)
  3 scorpions
  5 killer bees (D:10)
  3 wights (D:8)
  4 howler monkeys
  2 crimson imps
  3 centaur zombies
  A quasit (D:10)
  7 hounds
  5 jellies
  3 orc priests
  A centaur skeleton (D:4)
  6 orc wizards
  A gnoll shaman (D:5)
  Ijyb (D:5)
  An iguana (D:10)
  10 worker ants
  10 adders
  24 gnolls
  A shadow imp (D:9)
  2 oozes
  2 adder zombies
  4 worms (D:2)
  4 dart slugs
  3 leopard geckos
  33 orcs
  9 bats
  11 giant cockroaches
  24 goblins
  10 hobgoblins
  4 jackals (D:10)
  14 kobolds
  8 quokkas
  A ball python (D:5)
  5 frilled lizards
  A jackal zombie (D:6)
  A quokka skeleton (D:5)
  6 rats
287 creatures vanquished.

Vanquished Creatures (others)
  An orc wizard (D:6)
1 creature vanquished.

Grand Total: 288 creatures vanquished

Notes
Turn   | Place    | Note
-------+----------+-------------------------------------------
     0 | D:1      | twistedcrescendo the Minotaur Berserker began the quest for the Orb.
     0 | D:1      | Reached XP level 1. HP: 19/19 MP: 0/0
    61 | D:1      | Reached XP level 2. HP: 26/27 MP: 1/1
   524 | D:1      | Reached XP level 3. HP: 34/34 MP: 2/2
   794 | D:1      | Reached ** piety under Trog
  1334 | D:2      | Reached XP level 4. HP: 41/41 MP: 3/3
  1347 | D:2      | Reached skill level 5 in Fighting
  1347 | D:2      | Reached skill level 5 in Axes
  1961 | D:3      | Reached *** piety under Trog
  2183 | D:3      | Reached XP level 5. HP: 48/48 MP: 4/4
  2682 | D:4      | Noticed an ogre
  2954 | D:4      | Killed an ogre
  2954 | D:4      | Reached XP level 6. HP: 36/58 MP: 5/5
  3268 | D:4      | Reached **** piety under Trog
  3306 | D:4      | Got a tattered robe
  3317 | D:4      | Identified the +2 robe of the Gloaming {rElec rC- Regen+ Slay+3} (You found it on level 4 of the Dungeon)
  3695 | D:5      | Entered Level 5 of the Dungeon
  3784 | D:5      | Reached XP level 7. HP: 53/66 MP: 6/6
  3859 | D:5      | Gained mutation: You possess an exceptional clarity of mind. [potion of mutation]
  3859 | D:5      | Gained mutation: You are partially covered in yellow scales. (AC +2) [potion of mutation]
  4333 | D:5      | Noticed Ijyb
  4353 | D:5      | Killed Ijyb
  4980 | D:6      | Found a shimmering altar of Xom.
  5010 | D:6      | Reached XP level 8. HP: 70/75 MP: 7/7
  5949 | D:7      | Noticed Prince Ribbit
  5963 | D:7      | Killed Prince Ribbit
  6062 | D:7      | Found a staircase to the Ecumenical Temple.
  6242 | D:7      | Reached XP level 9. HP: 65/85 MP: 8/8
  6477 | D:7      | Noticed Joseph
  6485 | D:7      | Killed Joseph
  6485 | D:7      | Reached skill level 10 in Fighting
  6485 | D:7      | Reached skill level 10 in Axes
  6485 | D:7      | Reached skill level 5 in Armour
  7202 | D:8      | Reached skill level 5 in Dodging
  7400 | D:8      | Noticed Psyche
  7412 | D:8      | Killed Psyche
  7563 | D:8      | Reached ***** piety under Trog
  7876 | D:9      | Noticed a troll
  8018 | D:9      | Reached XP level 10. HP: 69/94 MP: 9/9
  8252 | D:9      | Paralysed by a big kobold for 7 turns
  8379 | D:9      | Reached skill level 1 in Shields
  8753 | D:9      | Found Methru's Assorted Antiques.
  8774 | D:9      | Bought 2 scrolls labeled QEHEJE KELAAS for 64 gold pieces
  8774 | D:9      | Bought a fizzy orange potion for 28 gold pieces
  8774 | D:9      | Bought a scroll labeled YTHAUS VIEBLO for 32 gold pieces
  8774 | D:9      | Bought a glowing broad axe for 224 gold pieces
  8777 | D:9      | Lost mutation: You possess an exceptional clarity of mind. [potion of mutation]
  8777 | D:9      | Gained mutation: You evolve. [potion of mutation]
  8945 | D:10     | Entered Level 10 of the Dungeon
  9205 | D:10     | Noticed a rust devil
  9209 | D:10     | Noticed a rust devil
  9228 | D:10     | Reached skill level 5 in Shields
  9272 | D:10     | Found Nienkosch's Weapon Boutique.
  9520 | D:10     | Noticed a two-headed ogre
  9530 | D:10     | Killed a two-headed ogre
  9530 | D:10     | Reached XP level 11. HP: 81/104 MP: 10/10
  9886 | D:11     | Found a staircase to the Lair.
  9909 | D:11     | Found a shadowy altar of Dithmenos.
  9933 | D:11     | Found a runed door.
  9937 | D:11     | Noticed a red ugly thing
  9937 | D:11     | Noticed a two-headed ogre
  9949 | D:11     | Killed a red ugly thing
  9952 | D:11     | Killed a two-headed ogre
 10053 | D:11     | Noticed a fire giant
 10068 | D:11     | Killed from afar by a fire giant

Skill      XL: |  1  2  3  4  5  6  7  8  9 10 11 |
---------------+----------------------------------+-----
Fighting       | 4 5 6 7 8 9 10 12 | 12.8
Axes           | 4 5 6 7 8 9 10 11 12 | 12.2
Armour         | 4 6 8 9 |  9.1
Dodging        | 4 6 |  6.9
Shields        | 5 |  5.6

Action                   |  1- 3 |  4- 6 |  7- 9 | 10-12 || total
-------------------------+-------+-------+-------+-------++-------
Melee: Hand axe          |    78 |   192 |   154 |       ||   424
       Headbutt          |    13 |    34 |    61 |    63 ||   171
       Battleaxe         |       |       |   137 |       ||   137
       War axe           |       |       |    37 |   126 ||   163
       Broad axe         |       |       |       |   149 ||   149
Invok: Berserk           |       |     1 |     1 |     3 ||     5
       Trog's Hand       |       |       |     1 |     3 ||     4
  Use: Potion            |       |       |     4 |     1 ||     5
       Scroll            |       |       |     5 |       ||     5
 Stab: Sleeping          |       |     1 |     1 |       ||     2
  Eat: Chunk             |     1 |     5 |    15 |    12 ||    33
       Ration            |       |     1 |       |       ||     1
Armor: Animal skin       |     4 |       |       |       ||     4
       Scale mail        |    10 |    27 |       |       ||    37
       Plate armour      |       |    10 |   153 |    87 ||   250
       Robe              |       |     3 |    14 |       ||    17
       Skin              |       |       |     1 |       ||     1
Dodge: Dodged            |    43 |    69 |   102 |    91 ||   305
Block: Other             |       |       |    28 |       ||    28
       Buckler           |       |       |    15 |   113 ||   128
       Reflection        |       |       |     2 |     3 ||     5
